 Dungeon Crawl Stone Soup version 0.26-a0-30-g56b8cd3df0 (webtiles) character file.

Game seed: 16827038995553334581, levelgen mode: deterministic

49 vurker the Magician (level 3, -11/28 HPs)
             Began as a Demigod Wizard on May 29, 2020.
             Mangled by Sigmund
             ... wielding a +0 scythe
              (16 damage)
             ... on level 2 of the Dungeon.
             The game lasted 00:02:10 (1496 turns).

vurker the Magician (Demigod Wizard)                Turns: 1496, Time: 00:02:10

Health: -11/28     AC:  2    Str: 10    XL:     3   Next: 33%
Magic:  3/10       EV: 12    Int: 24    God:
Gold:   43         SH:  0    Dex: 14    Spells: 3/8 levels left

rFire    . . .     SeeInvis .   j - +0 dagger
rCold    . . .     Gourm    .   (no shield)
rNeg     + . .     Faith    .   a - +0 robe
rPois    .         Spirit   .   b - +0 hat
rElec    .         Reflect  .   (no cloak)
rCorr    .         Harm     .   (no gloves)
MR       .....                  (no boots)
Stlth    ++........             (no amulet)
HPRegen  0.09/turn              l - ring of positive energy
MPRegen  0.12/turn              (no ring)

@: no status effects
A: high mp 1
a: no special abilities


You were on level 2 of the Dungeon.
You were hungry.

You visited 1 branch of the dungeon, and saw 2 of its levels.

You collected 43 gold pieces.

Inventory:

Hand Weapons
 j - a +0 dagger (weapon)
   (You took it off a kobold on level 1 of the Dungeon)
Armour
 a - a +0 robe (worn)
 b - a +0 hat (worn)
Jewellery
 l - a ring of positive energy (left hand)
   (You found it on level 2 of the Dungeon)
Scrolls
 d - a scroll of enchant weapon {unknown}
 g - a scroll of remove curse {unknown}
 h - a scroll of identify {unknown}
 i - a scroll of noise {unknown}
Potions
 c - a potion of curing {unknown}
 k - a potion of magic {unknown}
Comestibles
 e - a ration


   Skills:
 + Level 1.1 Fighting
 - Level 1.7 Dodging
 - Level 1.7 Stealth
 * Level 3.2 Spellcasting
 * Level 2.0 Conjurations
 - Level 0.8 Summonings
 - Level 0.8 Translocations


You had 3 spell levels left.
You knew the following spells:

 Your Spells              Type           Power        Failure   Level  Hunger
a - Magic Dart            Conj           ##..         4%          1    None
b - Call Imp              Summ           #.......     11%         2    ##.....
w - Blink                 Tloc           N/A          11%         2    ##.....

Your spell library contained the following spells:

 Spells                   Type           Power        Failure   Level  Hunger
 Slow                     Hex            #.......     16%         2    ##.....
 Conjure Flame            Conj/Fire      #.......     21%         3    ###....
 Mephitic Cloud           Conj/Pois/Air  #.......     24%         3    ###....


Dungeon Overview and Level Annotations

Branches:
Dungeon (2/15)

Annotations:
D:2 Sigmund


Innate Abilities, Weirdness & Mutations

You have an increased reservoir of magic. (+10% MP)


Message History

Your Conjurations skill increases to level 2!
You have reached level 3!
Your experience leads to a dramatic increase in your attributes!
Increase (S)trength, (I)ntelligence, or (D)exterity?
You feel clever. x2
Your white imp disappears in a puff of smoke!
Your crimson imp disappears in a puff of smoke!
A goblin comes into view.
Aim: a goblin (wandering, hasn't noticed you)
The magic dart hits the goblin.
You kill the goblin!
You can't see any susceptible monsters within range! (Use Z to cast anyway.)
You can't see any susceptible monsters within range! (Use Z to cast anyway.) All of the chunks of flesh in your inventory have rotted away.
You are feeling hungry.
Found a scroll labeled FIAMAYMUNO.
Sigmund the Dreaded comes into view.
He is wielding a +0 scythe.
Sigmund shouts!
Aim: Sigmund, wielding a +0 scythe and wearing a +0 robe The magic dart hits Sigmund but does no damage.
Aim: Sigmund, wielding a +0 scythe and wearing a +0 robe The magic dart hits Sigmund.
Aim: Sigmund, wielding a +0 scythe and wearing a +0 robe (lightly wounded)
The magic dart hits Sigmund.
Sigmund barely misses you. Sigmund closely misses you.
Aim: Sigmund, wielding a +0 scythe and wearing a +0 robe (lightly wounded)
The magic dart hits Sigmund.
You hit Sigmund. Sigmund closely misses you.
You hit Sigmund. Sigmund hits you with a +0 scythe.
You closely miss Sigmund.
Aim: Sigmund, wielding a +0 scythe and wearing a +0 robe (moderately wounded)
The magic dart hits Sigmund.
Sigmund hits you with a +0 scythe!
* * * LOW HITPOINT WARNING * * *
You closely miss Sigmund. Sigmund gestures at you while chanting.
The puff of flame misses you.
Aim: Sigmund, wielding a +0 scythe and wearing a +0 robe (heavily wounded)
The magic dart hits Sigmund but does no damage.
Sigmund mumbles some strange words.
Sigmund flickers and vanishes!
Deactivating autopickup; reactivate with Ctrl-A.
You closely miss something. Something hits you.
* * * LOW HITPOINT WARNING * * *
The magic dart hits something.
The magic dart hits something.
Something hits you!
Ouch! That really hurt!
You die...

#......# ###
#......# #..
#......# .#
###......#
#........ .#
#...†.. #..
#..{.#### ### #.
#..@....#
###.##.......###
....+.......'...
#####.##.......####
...............#
##.....####......
#.....# ....?.
#.....# .......
.....#'### .......


There were no monsters in sight!

Vanquished Creatures
  Natasha (D:2)
  A worm (D:2)
  A dart slug (D:1)
  A leopard gecko (D:1)
  3 bats (D:1)
  2 giant cockroaches (D:1)
  3 goblins
  5 hobgoblins (D:1)
  2 frilled lizards (D:1)
  3 kobolds (D:1)
  3 rats (D:1)
25 creatures vanquished.

Notes
Turn   | Place    | Note
-------+----------+-------------------------------------------
     0 | D:1      | vurker the Demigod Wizard began the quest for the Orb.
     0 | D:1      | Reached XP level 1. HP: 14/14 MP: 6/6
    45 | D:1      | Reached skill level 1 in Conjurations
   197 | D:1      | Reached XP level 2. HP: 2/22 MP: 0/8
   200 | D:1      | HP: 1/22 [hobgoblin (1)]
   556 | D:1      | Reached skill level 3 in Spellcasting
   560 | D:1      | Learned a level 2 spell: Call Imp
   563 | D:1      | Learned a level 2 spell: Blink
  1258 | D:2      | Noticed Natasha
  1267 | D:2      | Killed Natasha
  1267 | D:2      | Reached skill level 1 in Fighting
  1267 | D:2      | Reached XP level 3. HP: 9/28 MP: 3/10
  1480 | D:2      | Noticed Sigmund
  1496 | D:2      | Mangled by Sigmund

Illustrated notes

Levels and vault maps discovered:
D:1:      lightli_arrival_flooded_house, layout_rooms, minmay_misc_feat_chi
D:2:      layout_basic, uniq_natasha, uniq_sigmund

Skill      XL: |  1  2 |
---------------+-------+-----
Conjurations   | 1 2 |  2.0
Spellcasting   | 3 |  3.2
Fighting       | 1 |  1.1
Dodging        | |  1.7
Stealth        | |  1.7
Summonings     | |  0.8
Translocations | |  0.8

Action                   || total
-------------------------++-------
Melee: Unarmed           ||    34
       Dagger            ||    16
 Cast: Magic Dart        ||    66
       Call Imp          ||     2
 Stab: Distracted        ||     1
       Sleeping          ||     1
  Eat: Chunk             ||     1
Armor: Robe              ||    18
Dodge: Dodged            ||    33

Table legend:
 A = Non-vault XP
 B = Vault XP
 C = Vault XP percentage of total XP
 D = Non-vault monster count
 E = Vault monster count
 F = Vault count percentage of total count
                 A         B        C        D         E       F
            +---------+---------+-------+---------+---------+-------
      Total |      45 |      26 |  36.6 |      24 |       1 |   4.0
            +---------+---------+-------+---------+---------+-------
        D:1 |      36 |       0 |   0.0 |      21 |       0 |   0.0
        D:2 |       9 |      26 |  74.3 |       3 |       1 |  25.0
            +---------+---------+-------+---------+---------+-------
